TOP OF THE 1ST |
Midland RockHounds batting - Pitching for Corpus Christi Hooks : RHP Tommy Cunningham
|
Pitching: RHP Tommy Cunningham
|
|
Batting: RHB Tony Crespo
|
0-0: Called Strike 0-1: Ball 1-1: Ground out 4-3 (Groundball, 4, EV 88.8 MPH)
|
Batting: RHB Travis Robinson
|
0-0: Called Strike 0-1: Ball 1-1: Ball 2-1: Foul Ball, location: 2F 2-2: Foul Ball, location: 2F 2-2: Foul Ball, location: 2F 2-2: Strikes out swinging
|
Batting: LHB Tom Raupp
|
0-0: Ball 1-0: Fly out, F8 (Flyball, 8RD, EV 101.2 MPH)
|
Top of the 1st over - 0 runs, 0 hits, 0 errors, 0 left on base; Midland 0 - Corpus Christi 0 |
BOTTOM OF THE 1ST |
Corpus Christi Hooks batting - Pitching for Midland RockHounds : LHP Bobby Carroll
|
Pitching: LHP Bobby Carroll
|
|
Batting: RHB Ben Hoffman
|
0-0: Called Strike 0-1: Called Strike 0-2: Ball 1-2: Ball 2-2: Ball 3-2: Foul Ball, location: 2F 3-2: Base on Balls
|
Batting: RHB Xavier Castaneda
|
0-0: Ball 1-0: Ball 2-0: Ball 3-0: Foul Ball, location: 2F 3-1: Base on Balls Ben Hoffman to second
|
Batting: RHB Ramon Castellon
|
0-0: Swinging Strike 0-1: Called Strike 0-2: Strikes out swinging
|
Batting: LHB Josh Birkner
|
0-0: Fly out, F9 (Flyball, 9LM, EV 100.0 MPH)
|
Batting: LHB Chris Cabrera
|
0-0: Called Strike 0-1: Fly out, F7 (Flyball, 7, EV 88.1 MPH)
|
Bottom of the 1st over - 0 runs, 0 hits, 0 errors, 2 left on base; Midland 0 - Corpus Christi 0 |
TOP OF THE 2ND |
Midland RockHounds batting - Pitching for Corpus Christi Hooks : RHP Tommy Cunningham
|
Batting: RHB Jonathan Gallup
|
0-0: Ball 1-0: Foul Ball, location: 2F 1-1: Ball 2-1: SINGLE (Groundball, 6MD, EV 95.6 MPH)
|
Batting: RHB Matt Sherard
|
0-0: Swinging Strike 0-1: Foul Ball, location: 2F 0-2: Strikes out swinging
|
Batting: RHB Micah Roth
|
0-0: Ball 1-0: Ball 2-0: Called Strike 2-1: Foul Ball, location: 2F 2-2: Fielders Choice at 2nd, 4-6 (Groundball, 4, EV 108.8 MPH)
|
Batting: RHB Roger Simmons
|
0-0: Ball Pickoff Throw to First - Error! E1 Micah Roth to second 1-0: Called Strike 1-1: Ground out 3-1 (Groundball, 34, EV 101.2 MPH)
|
Top of the 2nd over - 0 runs, 1 hit, 1 error, 1 left on base; Midland 0 - Corpus Christi 0 |
BOTTOM OF THE 2ND |
Corpus Christi Hooks batting - Pitching for Midland RockHounds : LHP Bobby Carroll
|
Batting: LHB Mitchell Casey
|
0-0: Swinging Strike 0-1: Ball 1-1: Ball 2-1: Foul Ball, location: 2F 2-2: Ball 3-2: Fly out, F7 (Flyball, 7S, EV 85.0 MPH)
|
Batting: RHB Alex Campos
|
0-0: Called Strike 0-1: Swinging Strike 0-2: Ball 1-2: Ball 2-2: Foul Ball, location: 2F 2-2: Ball 3-2: Strikes out looking
|
Batting: LHB John Wagner
|
0-0: Ball 1-0: Called Strike 1-1: Ball 2-1: Fly out, F6 (Line Drive, 4M, EV 65.6 MPH)
|
Bottom of the 2nd over - 0 runs, 0 hits, 0 errors, 0 left on base; Midland 0 - Corpus Christi 0 |
TOP OF THE 3RD |
Midland RockHounds batting - Pitching for Corpus Christi Hooks : RHP Tommy Cunningham
|
Batting: RHB Manny Moron
|
0-0: Foul Ball, location: 2F 0-1: SOLO HOME RUN (Flyball, 78XD, EV 101.2 MPH), Distance : 406 ft
|
Batting: RHB Gojko Golob
|
0-0: SINGLE (Flyball, 89S, EV 92.5 MPH)
|
Batting: RHB Tony Crespo
|
0-0: Called Strike 0-1: Ball 1-1: Called Strike 1-2: Strikes out swinging
|
Batting: RHB Travis Robinson
|
0-0: Ball 1-0: Called Strike 1-1: Ball 2-1: TRIPLE (Flyball, 8LXD, EV 95.6 MPH) Gojko Golob scores
|
Batting: LHB Tom Raupp
|
0-0: Ball 1-0: Ball 2-0: Swinging Strike 2-1: Ball 3-1: Swinging Strike 3-2: Strikes out swinging
|
Batting: RHB Jonathan Gallup
|
0-0: Foul Ball, location: 2F 0-1: Ball 1-1: Swinging Strike 1-2: Hit by Pitch
|
Batting: RHB Matt Sherard
|
0-0: Fielders Choice at 2nd, 6-4 (Groundball, 6, EV 83.8 MPH)
|
Top of the 3rd over - 2 runs, 3 hits, 0 errors, 2 left on base; Midland 2 - Corpus Christi 0 |
BOTTOM OF THE 3RD |
Corpus Christi Hooks batting - Pitching for Midland RockHounds : LHP Bobby Carroll
|
Batting: SHB Danny Jensen
|
0-0: Ball 1-0: Ball 2-0: Called Strike 2-1: Foul Ball, location: 2F 2-2: Fly out, F9 (Flyball, 9LS, EV 93.8 MPH)
|
Batting: RHB Ben Hoffman
|
0-0: Swinging Strike 0-1: Called Strike 0-2: Ball 1-2: Ball 2-2: Foul Ball, location: 2F 2-2: Ball 3-2: Base on Balls
|
Batting: RHB Xavier Castaneda
|
0-0: Ball Ben Hoffman is caught stealing 2nd base 2-4 1-0: Foul Ball, location: 2F 1-1: DOUBLE (Groundball, 3L, EV 107.5 MPH)
|
Batting: RHB Ramon Castellon
|
0-0: Ball 1-0: Foul Ball, location: 2F 1-1: Ball 2-1: SINGLE (Groundball, 34D, EV 104.4 MPH) Xavier Castaneda to third Throwing error, E9 Xavier Castaneda scores Ramon Castellon to second
|
Batting: LHB Josh Birkner
|
0-0: Ball 1-0: Foul Ball, location: 2F 1-1: Ball 2-1: Ground out 4-3 (Groundball, 4, EV 82.5 MPH)
|
Bottom of the 3rd over - 1 run, 2 hits, 1 error, 1 left on base; Midland 2 - Corpus Christi 1 |
TOP OF THE 4TH |
Midland RockHounds batting - Pitching for Corpus Christi Hooks : RHP Tommy Cunningham
|
Batting: RHB Micah Roth
|
0-0: Called Strike 0-1: DOUBLE (Line Drive, 9LD, EV 100.0 MPH)
|
Batting: RHB Roger Simmons
|
0-0: Ball Wild Pitch! Micah Roth to third 1-0: Swinging Strike 1-1: Called Strike 1-2: Strikes out swinging
|
Batting: RHB Manny Moron
|
0-0: Ball 1-0: Foul Ball, location: 2F 1-1: Ground out 4-3 (Groundball, 4M, EV 96.2 MPH) Micah Roth scores
|
Batting: RHB Gojko Golob
|
0-0: Called Strike 0-1: Swinging Strike 0-2: Foul Ball, location: 2F 0-2: Foul Ball, location: 2F 0-2: Ball 1-2: Ball 2-2: Strikes out looking
|
Top of the 4th over - 1 run, 1 hit, 0 errors, 0 left on base; Midland 3 - Corpus Christi 1 |
BOTTOM OF THE 4TH |
Corpus Christi Hooks batting - Pitching for Midland RockHounds : LHP Bobby Carroll
|
Batting: LHB Chris Cabrera
|
0-0: Foul Ball, location: 2F 0-1: DOUBLE (Line Drive, 9LD, EV 101.9 MPH)
|
Batting: LHB Mitchell Casey
|
0-0: Called Strike 0-1: Foul Ball, location: 2F 0-2: Ball 1-2: Foul Ball, location: 2F 1-2: Ball 2-2: Foul Ball, location: 2F 2-2: Foul Ball, location: 2F 2-2: Ball 3-2: DOUBLE (Line Drive, 3D, EV 101.9 MPH) Chris Cabrera scores
|
Batting: RHB Alex Campos
|
0-0: Ball 1-0: Ball 2-0: Ball 3-0: Base on Balls
|
Batting: LHB John Wagner
|
0-0: Called Strike 0-1: Ball 1-1: Ball 2-1: Ball 3-1: Called Strike 3-2: Base on Balls Mitchell Casey to third Alex Campos to second
|
Batting: SHB Danny Jensen
|
0-0: Called Strike 0-1: Ball 1-1: Ball 2-1: Ball 3-1: Swinging Strike 3-2: Grounds into double play, 5-4-3 (Groundball, 56S, EV 80.6 MPH) Mitchell Casey scores Alex Campos to third
|
Batting: RHB Ben Hoffman
|
0-0: Ball 1-0: Called Strike 1-1: Called Strike 1-2: Strikes out looking
|
Bottom of the 4th over - 2 runs, 2 hits, 0 errors, 1 left on base; Midland 3 - Corpus Christi 3 |
TOP OF THE 5TH |
Midland RockHounds batting - Pitching for Corpus Christi Hooks : RHP Tommy Cunningham
|
Batting: RHB Tony Crespo
|
0-0: Ground out 5-3 (Groundball, 56S, EV 86.9 MPH)
|
Batting: RHB Travis Robinson
|
0-0: SINGLE (Line Drive, 3D, EV 106.9 MPH)
|
Batting: LHB Tom Raupp
|
0-0: Ball 1-0: Ball 2-0: Ball 3-0: Called Strike 3-1: Foul Ball, location: 2F 3-2: Strikes out swinging
|
Batting: RHB Jonathan Gallup
|
0-0: Ball 1-0: Called Strike 1-1: Ball 2-1: Ball 3-1: Base on Balls Travis Robinson to second
|
Batting: RHB Matt Sherard
|
0-0: Swinging Strike 0-1: Fly out, F8 (Flyball, 8LM, EV 86.2 MPH)
|
Top of the 5th over - 0 runs, 1 hit, 0 errors, 2 left on base; Midland 3 - Corpus Christi 3 |
BOTTOM OF THE 5TH |
Corpus Christi Hooks batting - Pitching for Midland RockHounds : LHP Bobby Carroll
|
Batting: RHB Xavier Castaneda
|
0-0: Ball 1-0: Called Strike 1-1: Foul Ball, location: 2F 1-2: Foul Ball, location: 2F 1-2: Strikes out swinging
|
Pitching: RHP John McAuley
|
|
Batting: RHB Ramon Castellon
|
0-0: Ball 1-0: Swinging Strike 1-1: TRIPLE (Flyball, 89XD, EV 93.1 MPH)
|
Batting: LHB Josh Birkner
|
0-0: Ball 1-0: Foul Ball, location: 2F 1-1: Swinging Strike 1-2: Ball 2-2: DOUBLE (Groundball, 3D, EV 104.4 MPH) Ramon Castellon scores
|
Batting: LHB Chris Cabrera
|
0-0: Called Strike 0-1: Ball 1-1: Called Strike 1-2: DOUBLE (Flyball, 8RXD, EV 105.0 MPH) Josh Birkner scores
|
Batting: LHB Mitchell Casey
|
0-0: Called Strike 0-1: Foul Ball, location: 2F 0-2: Strikes out looking
|
Batting: RHB Alex Campos
|
0-0: Ball 1-0: Ball 2-0: Foul Ball, location: 2F 2-1: Ball 3-1: Foul Ball, location: 2F 3-2: DOUBLE (Flyball, 89D, EV 105.6 MPH) Chris Cabrera scores
|
Batting: LHB John Wagner
|
0-0: Called Strike 0-1: Ball 1-1: Called Strike 1-2: Ball 2-2: Foul Ball, location: 2F 2-2: Strikes out swinging
|
Bottom of the 5th over - 3 runs, 4 hits, 0 errors, 1 left on base; Midland 3 - Corpus Christi 6 |
TOP OF THE 6TH |
Midland RockHounds batting - Pitching for Corpus Christi Hooks : RHP Tommy Cunningham
|
Batting: RHB Micah Roth
|
0-0: Ball 1-0: Ground out 1-3 (Groundball, 15S, EV 72.5 MPH)
|
Batting: RHB Roger Simmons
|
0-0: Ball 1-0: Swinging Strike 1-1: Foul Ball, location: 2F 1-2: Strikes out swinging, 2-3 out at first.
|
Batting: RHB Manny Moron
|
0-0: Hit by Pitch
|
Batting: RHB Gojko Golob
|
0-0: Fly out, F8 (Line Drive, 8RD, EV 107.5 MPH)
|
Top of the 6th over - 0 runs, 0 hits, 0 errors, 1 left on base; Midland 3 - Corpus Christi 6 |
BOTTOM OF THE 6TH |
Corpus Christi Hooks batting - Pitching for Midland RockHounds : RHP John McAuley
|
Pitching: LHP John Salzmann
|
|
Batting: SHB Danny Jensen
|
0-0: Foul Ball, location: 2F 0-1: Swinging Strike 0-2: Foul Ball, location: 2F 0-2: Fly out, F8 (Flyball, 8LD, EV 97.5 MPH)
|
Batting: RHB Ben Hoffman
|
0-0: Ball 1-0: Fly out, F6 (Flyball, 5D, EV 89.4 MPH)
|
Batting: RHB Xavier Castaneda
|
0-0: Called Strike 0-1: Ball 1-1: Ball 2-1: Foul Ball, location: 2F 2-2: DOUBLE (Line Drive, 89M, EV 90.0 MPH)
|
Batting: RHB Ramon Castellon
|
0-0: Ball 1-0: Ball 2-0: Ball 3-0: SINGLE (Groundball, 56D, EV 101.2 MPH) Xavier Castaneda to third Runner from 3rd tries for Home, SAFE, throw by LF to home
|
Batting: LHB Josh Birkner
|
0-0: Called Strike 0-1: Ball 1-1: Ball 2-1: Fly out, F7 (Line Drive, 7S, EV 98.1 MPH)
|
Bottom of the 6th over - 1 run, 2 hits, 0 errors, 1 left on base; Midland 3 - Corpus Christi 7 |
TOP OF THE 7TH |
Midland RockHounds batting - Pitching for Corpus Christi Hooks : RHP Tommy Cunningham
|
Batting: RHB Tony Crespo
|
0-0: Ball 1-0: Foul Ball, location: 2F 1-1: Ground out 6-3 (Groundball, 6, EV 89.4 MPH)
|
Batting: RHB Travis Robinson
|
0-0: Called Strike 0-1: Foul Ball, location: 2F 0-2: Ball 1-2: Ball 2-2: Ball 3-2: Base on Balls
|
Batting: LHB Tom Raupp
|
0-0: Ball 1-0: Ball 2-0: Ball 3-0: Called Strike 3-1: Base on Balls Travis Robinson to second
|
Pitching: RHP Elroy Meulenkamp
|
|
Batting: RHB Jonathan Gallup
|
0-0: Ball 1-0: Swinging Strike 1-1: Foul Ball, location: 2F 1-2: Strikes out swinging
|
Batting: RHB Matt Sherard
|
0-0: Called Strike 0-1: Fly out, F4 (Popup, 4, EV 57.5 MPH)
|
Top of the 7th over - 0 runs, 0 hits, 0 errors, 2 left on base; Midland 3 - Corpus Christi 7 |
BOTTOM OF THE 7TH |
Corpus Christi Hooks batting - Pitching for Midland RockHounds : LHP John Salzmann
|
Batting: LHB Chris Cabrera
|
0-0: Ball 1-0: Called Strike 1-1: Foul Ball, location: 2F 1-2: Ball 2-2: Foul Ball, location: 2F 2-2: Ball 3-2: Strikes out swinging
|
Batting: LHB Mitchell Casey
|
0-0: Ball 1-0: Ball 2-0: Foul Ball, location: 2F 2-1: Ground out 6-3 (Groundball, 4MD, EV 83.8 MPH)
|
Batting: RHB Alex Campos
|
0-0: Ball 1-0: Called Strike 1-1: Called Strike 1-2: Ball 2-2: Strikes out swinging
|
Bottom of the 7th over - 0 runs, 0 hits, 0 errors, 0 left on base; Midland 3 - Corpus Christi 7 |
TOP OF THE 8TH |
Midland RockHounds batting - Pitching for Corpus Christi Hooks : RHP Elroy Meulenkamp
|
Batting: RHB Micah Roth
|
0-0: SINGLE (Groundball, 6MS, EV 65.6 MPH) (infield hit)
|
Pinch Hitting: SHB D.J. Codd
|
0-0: Ball 1-0: Called Strike 1-1: SINGLE (Groundball, 13, EV 83.1 MPH) (infield hit) Micah Roth to second
|
Batting: RHB Manny Moron
|
0-0: Ball 1-0: Ball 2-0: Ball 3-0: Called Strike 3-1: Swinging Strike 3-2: Foul Ball, location: 2F 3-2: Strikes out swinging
|
Batting: RHB Gojko Golob
|
0-0: Ball 1-0: SINGLE (Line Drive, 7S, EV 105.0 MPH) Micah Roth to third D.J. Codd to second
|
Pinch Hitting: LHB Alan Bianchard
|
0-0: Ball Wild Pitch! Micah Roth scores D.J. Codd to third Gojko Golob to second 1-0: Foul Ball, location: 2F 1-1: Ball 2-1: Foul Ball, location: 2F 2-2: Strikes out swinging
|
Batting: RHB Travis Robinson
|
0-0: Called Strike 0-1: Swinging Strike 0-2: Strikes out swinging
|
Top of the 8th over - 1 run, 3 hits, 0 errors, 2 left on base; Midland 4 - Corpus Christi 7 |
BOTTOM OF THE 8TH |
Corpus Christi Hooks batting - Pitching for Midland RockHounds : LHP John Salzmann
|
Now at SS: Larry Clark
|
|
Now in RF: D.J. Codd
|
|
Batting: LHB John Wagner
|
0-0: Ball 1-0: Called Strike 1-1: Ball 2-1: Foul Ball, location: 2F 2-2: Ball 3-2: Ground out 4-3 (Groundball, 4, EV 88.8 MPH)
|
Batting: SHB Danny Jensen
|
0-0: Called Strike 0-1: Ball 1-1: Ball 2-1: Called Strike 2-2: Ball 3-2: Foul Ball, location: 2F 3-2: Base on Balls
|
Batting: RHB Ben Hoffman
|
0-0: Foul Ball, location: 2F 0-1: Fielders Choice at 2nd, 6-4 (Groundball, 56, EV 84.4 MPH)
|
Batting: RHB Xavier Castaneda
|
0-0: Called Strike 0-1: Fielders Choice at 2nd, 5-4 (Groundball, 56, EV 85.6 MPH)
|
Bottom of the 8th over - 0 runs, 0 hits, 0 errors, 1 left on base; Midland 4 - Corpus Christi 7 |
TOP OF THE 9TH |
Midland RockHounds batting - Pitching for Corpus Christi Hooks : RHP Elroy Meulenkamp
|
Pitching: LHP T.J. Westover
|
|
Now at 3B: Derek Moran
|
|
Batting: LHB Tom Raupp
|
0-0: Ball 1-0: Called Strike 1-1: Ball 2-1: Ball 3-1: Base on Balls
|
Batting: RHB Jonathan Gallup
|
0-0: Ball Wild Pitch! Tom Raupp to second 1-0: Fly out, F8 (Line Drive, 8RM, EV 95.6 MPH)
|
Batting: RHB Matt Sherard
|
0-0: Called Strike 0-1: Ball 1-1: Ball 2-1: Foul Ball, location: 2F 2-2: Ground out U3 (Groundball, 34, EV 83.8 MPH) Tom Raupp to third
|
Batting: RHB Micah Roth
|
0-0: Ground out 4-3 (Groundball, 4M, EV 102.5 MPH)
|
Top of the 9th over - 0 runs, 0 hits, 0 errors, 1 left on base; Midland 4 - Corpus Christi 7 |
|